 Dungeon Crawl Stone Soup version 0.30-a0-939-gc8157cb160 (webtiles) character file.

Game seed: 15783840702295215495

137 iguanaiguana the Vexing (level 5, -4/37 HPs)
             Began as a Formicid Hexslinger on Mar 24, 2023.
             Was a Follower of Cheibriados.
             Slain by a gnoll
             ... wielding a +0 spear
             ... led by a gnoll sergeant
              (6 damage)
             ... on level 4 of the Dungeon on Mar 25, 2023.
             The game lasted 00:10:08 (2272 turns).

iguanaiguana the Vexing (Formicid Hexslinger)       Turns: 2272, Time: 00:10:08

Health: -4/37      AC:  2    Str: 17    XL:     5   Next: 43%
Magic:  5/6        EV: 12    Int: 16    God:    Cheibriados [*.....]
Gold:   196        SH:  0    Dex: 19    Spells: 5/6 levels left

rFire   . . .      SeeInvis +    b - +2 dagger (venom)
rCold   . . .      Faith    .    (no shield)
rNeg    . . .      Spirit   .    c - +0 robe
rPois   .          Reflect  .    (helmet unavailable)
rElec   .          Rampage  .    (no cloak)
rCorr   .                        (no gloves)
Will    .....                    (no boots)
Stlth   +++                      (no amulet)
HPRegen 0.26/turn                (no ring)
MPRegen 0.10/turn                (no ring)

@: very slow
A: permanent stasis, dig shafts and tunnels, antennae 3, four strong arms
a: Dig, Shaft Self, Renounce Religion, Bend Time


You were on level 4 of the Dungeon.
You worshipped Cheibriados.
Cheibriados was aware of your devotion.
You visited 1 branch of the dungeon, and saw 4 of its levels.

You collected 196 gold pieces.

Inventory:

Hand Weapons
 a - a +1 sling
 b - a +2 dagger of venom (weapon)
Missiles
 g - 5 poisoned darts
 h - 3 atropa-tipped darts
Armour
 c - a +0 robe (worn)
 o - a +0 pair of boots
Scrolls
 d - a scroll of identify {@r1}
 i - 2 scrolls of fog {unknown}
 j - 2 scrolls of teleportation {unknown}
 k - a scroll of brand weapon {unknown}
 l - a scroll of vulnerability {unknown}
 p - 2 scrolls of torment {unknown}
Potions
 e - 2 potions of lignification
 m - 2 potions of attraction {unknown}
 n - a potion of might {unknown}


   Skills:
 - Level 1.1 Fighting
 - Level 2.0 Ranged Weapons
 - Level 1.7 Dodging
 - Level 4.0 Stealth
 - Level 1.1 Spellcasting
 + Level 5.7 Hexes


You had 5 spell levels left.
You knew the following spells:

 Your Spells              Type           Power      Damage    Failure   Level
a - Slow                  Hex            76%        N/A       2%          1

Your spell library contained the following spells:

 Spells                   Type           Power      Damage    Failure   Level
 Freeze                   Ice            0%         1d3       22%         1
 Inner Flame              Hex/Fire       10%        N/A       22%         3
 Portal Projectile        Hex/Tloc       20%        N/A       22%         3
 Cause Fear               Hex            9%         N/A       22%         4
 Frozen Ramparts          Ice            0%         1d1       56%         3
 Hailstorm                Conj/Ice       0%         3d3       56%         3
 Stone Arrow              Conj/Erth      0%         3d7       56%         3
 Animate Armour           Summ/Erth      0%         N/A       92%         4
 Manifold Assault         Tloc           0%         N/A       92%         4
 Alistair's Intoxication  Tmut/Pois      0%         N/A       99%         5
 Borgnjor's Vile Clutch   Necr/Erth      0%         N/A       99%         5
 Eringya's Noxious Bog    Tmut/Pois      0%         N/A       100%        6
 Storm Form               Tmut/Air       0%         N/A       100%        7
 Lehudib's Crystal Spear  Conj/Erth      0%         10d2      100%        8
 Blink                    Tloc           Unusable   N/A       N/A         2

Dungeon Overview and Level Annotations

Branches:
Dungeon (4/15) Zot: 32737  Temple (0/1) D:4

Altars:
Cheibriados

Annotations:
D:3 Grinder


Innate Abilities, Weirdness & Mutations

You cannot be hasted, slowed, berserked, paralysed or teleported.
You can dig through walls and to a lower floor.
You have a pair of large antennae on your head. (SInv)
Your four strong arms can wield two-handed weapons with a shield.


Message History

You kill the goblin!
Cheibriados appreciates the change of pace.
You see here a +0 club.
A giant cockroach comes into view.
You closely miss the giant cockroach. The giant cockroach bites you.
You hit the giant cockroach but do no damage.
The giant cockroach is poisoned.
The giant cockroach bites you.
You hit the giant cockroach.
You kill the giant cockroach!
Cheibriados appreciates the change of pace.
You see here a giant cockroach corpse.
Found a spear.
g - 5 poisoned darts (gained 2)
A gnoll is nearby!
The gnoll sergeant shouts!
The gnoll shouts!
You hit the gnoll sergeant but do no damage.
The gnoll sergeant is poisoned.
The gnoll hits you from afar with a +0 spear!
The gnoll sergeant hits you with a +0 hand axe!
* * * LOW HITPOINT WARNING * * *
Casting: Slow (safe; 2% risk of failure)
Confirm with . or Enter, or press ? or * to list all spells.
Aiming: Slow (safe; 2% risk of failure)
Press: ? - help, Shift-Dir - straight line, f - gnoll sergeant
Aim: a gnoll sergeant, wielding a +0 hand axe, wearing a +0 scale mail and wearing a +0 kite shield (lightly wounded, very poisoned, chance to affect: 51%)
The gnoll sergeant resists with significant effort.
The gnoll hits you from afar with a +0 spear.
* * * LOW HITPOINT WARNING * * *
You feel better.
The gnoll sergeant hits you with a +0 hand axe!
* * * LOW HITPOINT WARNING * * *
Okay, then.
Unknown command.
As you read the scroll labelled AMIMOL ATZA, it crumbles to dust.
It is a scroll of identify.
e - 2 potions of lignification The gnoll sergeant hits you with a +0 hand axe!
* * * LOW HITPOINT WARNING * * *
The gnoll hits you from afar with a +0 spear.
You die...

#.## ##. #..... #.# #..
#..... ###.### #.#
##..... ##.....###.#
#...[.รท
##.......##.#######......
#.........#.#............
#)............#####......
#...........### #..####.
#......g@...# #.## #.
#...........## #.# #.
#.......g.#..#####.### #.
#.........#.....>....###.
#.........#.###.####..)..
#.........#.##..# ######
#.........#.##.## #
##..........##.#
##.....#.##...#


You could see a gnoll sergeant (very poisoned) and a gnoll.

Vanquished Creatures
  A scorpion (D:4)
  2 adders
  3 gnolls
  A worm (D:4)
  A dart slug (D:1)
  4 ball pythons
  A bat (D:2)
  2 endoplasms
  A giant cockroach (D:4)
  3 hobgoblins (D:1)
  2 jackals (D:4)
  A frilled lizard (D:1)
  4 goblins
  A kobold (D:1)
  2 rats (D:1)
29 creatures vanquished.

Notes
Turn   | Place    | Note
-------+----------+-------------------------------------------
     0 | D:1      | iguanaiguana the Formicid Hexslinger began the quest for
                  | the Orb.
     0 | D:1      | Reached XP level 1. HP: 15/15 MP: 2/2
    87 | D:1      | Reached skill level 1 in Stealth
   245 | D:1      | Reached XP level 2. HP: 21/21 MP: 3/3
   456 | D:1      | Reached XP level 3. HP: 26/26 MP: 4/4
  1420 | D:2      | Found a faded altar of an unknown god.
  1431 | D:2      | Prayed at the altar of an unknown god.
  1431 | D:2      | Became a worshipper of Cheibriados the Contemplative
  1431 | D:2      | Reached * piety under Cheibriados
  1438 | D:2      | Found a faded altar of an unknown god.
  1761 | D:3      | Noticed Grinder
  1835 | D:4      | Reached skill level 4 in Hexes
  1835 | D:4      | Reached XP level 4. HP: 10/32 MP: 0/5
  2024 | D:4      | Upgraded the game from 0.30-a0-937-ga0a21ad780 to
                  | 0.30-a0-939-gc8157cb160
  2060 | D:4      | Noticed a scorpion
  2066 | D:4      | Killed a scorpion
  2067 | D:4      | Reached skill level 5 in Hexes
  2067 | D:4      | Reached XP level 5. HP: 37/37 MP: 4/6
  2202 | D:4      | Found a staircase to the Ecumenical Temple.
  2272 | D:4      | Slain by a gnoll

Illustrated notes

Levels and vault maps discovered:
D:1:      dpeg_arrival_refuge, layout_loops_ring
D:2:      layout_basic, hellmonk_ecumenical_altar_the_god_not_taken
D:3:      layout_loops_ring, chequers_serial_rivers_micro_e, uniq_sigmund,
          uniq_grinder
D:4:      layout_rooms, temple_doors_e, serial_shops, shop

Skill      XL: |  1  2  3  4 |
---------------+-------------+-----
Stealth        | 2 3 4 |  4.0
Hexes          | 4 5 |  5.7
Fighting       | |  1.1
Ranged Weapons | |  2.0
Dodging        | |  1.7
Spellcasting   | |  1.1

Action                     |  1- 3 |  4- 6 || total
---------------------------+-------+-------++-------
  Melee: Dagger            |    12 |    30 ||    42
   Fire: Sling             |    57 |     1 ||    58
  Throw: Dart              |       |     2 ||     2
   Cast: Slow              |    11 |    10 ||    21
    Use: Scroll            |     1 |     1 ||     2
         Potion            |     2 |     1 ||     3
   Stab: Sleeping          |       |     1 ||     1
 Armour: Robe              |     3 |     2 ||     5
  Dodge: Dodged            |    15 |     8 ||    23

Table legend: (Time is in decaauts)
 A = Elapsed time spent in this place.
 B = Non-inter-level travel time spent in this place.
 C = Inter-level travel time spent in this place.
 D = Time resting spent in this place.
 E = Time spent auto-exploring this place.
 F = Levels seen in this place.
 G = Mean time per level.
                   A        B        C        D        E       F      G
               +--------+--------+--------+--------+--------+-----+--------+
         Total |   2537 |   2445 |     92 |     88 |   1716 |   4 |  634.2 |
       Dungeon |   2537 |   2445 |     92 |     88 |   1716 |   4 |  634.2 |
               +--------+--------+--------+--------+--------+-----+--------+

Top non-repeatable levels by time:
     D:2: 1068 daAuts
     D:1: 802 daAuts
     D:4: 584 daAuts
     D:3: 82 daAuts
